 Dungeon Crawl Stone Soup version 0.28-a0-1429-gf3d713df7a (webtiles) character file.

Game seed: 1556076717086194946

77 Gargoyl the Skirmisher (level 4, -2/41 HPs)
             Began as a Gnoll Abyssal Knight on Jan 8, 2022.
             Was a Believer of Lugonu.
             Slain by a gnoll (4 damage)
             ... on level 3 of the Dungeon.
             The game lasted 00:01:59 (1937 turns).

Gargoyl the Skirmisher (Gnoll Abyssal Knight)       Turns: 1937, Time: 00:02:00

Health: -2/41      AC:  4    Str: 15    XL:     4   Next: 33%
Magic:  7/7        EV: 12    Int:  9    God:    Lugonu [**....]
Gold:   106        SH:  0    Dex: 12    Spells: 5/5 levels left

rFire   . . .      SeeInvis .   a - +2 hand axe (flame)
rCold   . . .      Faith    .   (no shield)
rNeg    . . .      Spirit   .   b - +0 leather armour
rPois   .          Reflect  .   d - +0 helmet
rElec   .          Harm     .   (no cloak)
rCorr   .          Rampage  .   (no gloves)
Will    .....                   (no boots)
Stlth   +.........              (no amulet)
HPRegen 0.13/turn               (no ring)
MPRegen 0.10/turn               (no ring)

@: lethally poisoned (-2 -> -15)
A: fangs 1, strong nose, distributed training
a: Renounce Religion, Depart the Abyss, Bend Space


You were on level 3 of the Dungeon.
You worshipped Lugonu.
Lugonu was pleased with you.
You visited 1 branch of the dungeon, and saw 3 of its levels.
You visited the Abyss 1 time.

You collected 106 gold pieces.

Inventory:

Hand Weapons
 a - a +2 hand axe of flaming (weapon)
Missiles
 j - 12 poisoned darts (quivered)
Armour
 b - a +0 leather armour (worn)
 d - a +0 helmet (worn)
Scrolls
 f - a scroll of holy word {unknown}
 i - a scroll of silence {unknown}
Potions
 c - a potion of curing
 e - a potion of flight
 g - a potion of resistance {unknown}
 h - a potion of degeneration {unknown}
 l - a potion of lignification


   Skills:
 + Level 6.6 Fighting
 + Level 1.1 Short Blades
 + Level 1.1 Long Blades
 + Level 4.6 Axes
 + Level 1.1 Maces & Flails
 + Level 1.1 Polearms
 + Level 1.1 Staves
 + Level 1.1 Slings
 + Level 1.1 Bows
 + Level 1.1 Crossbows
 + Level 1.1 Throwing
 + Level 4.6 Armour
 + Level 2.7 Dodging
 + Level 1.1 Stealth
 + Level 1.1 Shields
 + Level 1.1 Unarmed Combat
 + Level 1.1 Spellcasting
 + Level 0.8 Conjurations
 + Level 0.8 Hexes
 + Level 0.8 Summonings
 + Level 0.8 Necromancy
 + Level 0.8 Translocations
 + Level 0.8 Transmutations
 + Level 0.8 Fire Magic
 + Level 0.8 Ice Magic
 + Level 0.8 Air Magic
 + Level 0.8 Earth Magic
 + Level 0.8 Poison Magic
 + Level 4.7 Invocations
 + Level 1.1 Evocations


You had 5 spell levels left.
You didn't know any spells.
Your spell library was empty.

Dungeon Overview and Level Annotations

Branches:
Dungeon (3/15)

Altars:
Okawaru


Innate Abilities, Weirdness & Mutations

You have very sharp teeth.
Your uncanny sense of smell can sniff out nearby items.
Your experience applies equally to all skills.


Message History

A gnoll comes into view. It is wielding a +2 spear of venom.
The ball python hisses angrily.
The gnoll shouts! x3
The gnoll barely misses you.
You hit the gnoll. You burn the gnoll.
The gnoll is moderately wounded.
The gnoll barely misses you.
You slash the gnoll! You burn the gnoll.
You kill the gnoll!
Lugonu accepts your kill.
You hit the endoplasm. You burn the endoplasm. The endoplasm hits you.
You have reached level 4!
You feel stronger.
You hit the endoplasm. You burn the endoplasm.
You kill the endoplasm!
Lugonu accepts your kill.
You hit the ball python. You burn the ball python.
You kill the ball python!
Lugonu accepts your kill.
Unknown command.
You closely miss the gnoll. The gnoll hits you with a +0 flail.
You hit the gnoll. You burn the gnoll.
The gnoll is heavily wounded.
You hit the gnoll. You burn the gnoll. The gnoll misses you.
The gnoll hits you with a +0 flail.
You slash the gnoll! You burn the gnoll.
You kill the gnoll!
Lugonu accepts your kill.
You closely miss the gnoll. The gnoll hits you with a +0 flail!
The gnoll hits you with a +0 flail.
Items here: )) ††.
The gnoll hits you with a +2 spear of venom!
* * * LOW HITPOINT WARNING * * *
You are lethally poisoned!
The gnoll closely misses you.
Unknown command.
You barely miss the gnoll. You hit the gnoll. You burn the gnoll.
* * * LOW HITPOINT WARNING * * *
You feel very sick.
The gnoll hits you with a +2 spear of venom.
You die...

#..# #.## #.# #.#
##########.#
#.......##.###### #
#.)..........
#.#.####..##.#######
#.....g@........
###.#.)#g.##.###
#..#.<##.#
.......##..
##..####.... #..
.### #.. .# #.. #..


You could see 2 gnolls.

Vanquished Creatures
  3 gnolls
  A worm (D:2)
  A dart slug (D:2)
  An orc (D:3)
  6 ball pythons
  4 endoplasms
  2 giant cockroaches (D:2)
  2 goblins
  A hobgoblin (D:2)
  2 jackals (D:2)
  2 quokkas (D:1)
  5 bats
  6 frilled lizards
  A kobold (D:2)
  3 rats
40 creatures vanquished.

Notes
Turn   | Place    | Note
-------+----------+-------------------------------------------
     0 | Abyss:1  | Gargoyl the Gnoll Abyssal Knight began the quest for the
                  | Orb.
     0 | Abyss:1  | Reached XP level 1. HP: 23/23 MP: 3/3
     5 | D:1      | Escaped the Abyss
    52 | D:1      | Reached XP level 2. HP: 24/29 MP: 5/5
   119 | D:1      | Reached * piety under Lugonu
   897 | D:1      | Found a faded altar of an unknown god.
  1155 | D:2      | Reached XP level 3. HP: 28/35 MP: 6/6
  1446 | D:2      | Found an iron altar of Okawaru.
  1590 | D:2      | Reached ** piety under Lugonu
  1810 | D:2      | Reached skill level 1 in Short Blades
  1810 | D:2      | Reached skill level 1 in Long Blades
  1810 | D:2      | Reached skill level 1 in Maces & Flails
  1810 | D:2      | Reached skill level 1 in Polearms
  1810 | D:2      | Reached skill level 1 in Staves
  1810 | D:2      | Reached skill level 1 in Slings
  1810 | D:2      | Reached skill level 1 in Bows
  1810 | D:2      | Reached skill level 1 in Crossbows
  1810 | D:2      | Reached skill level 1 in Throwing
  1810 | D:2      | Reached skill level 1 in Stealth
  1810 | D:2      | Reached skill level 1 in Shields
  1810 | D:2      | Reached skill level 1 in Unarmed Combat
  1810 | D:2      | Reached skill level 1 in Spellcasting
  1810 | D:2      | Reached skill level 1 in Evocations
  1931 | D:3      | Reached XP level 4. HP: 34/41 MP: 7/7
  1937 | D:3      | HP: 2/41 [poisoned by a gnoll]
  1937 | D:3      | Slain by a gnoll

Illustrated notes

Levels and vault maps discovered:
D:1:      wander_arrival_peaceful_grave, layout_basic,
          shapermc_ecumenical_altar_pompeii, minmay_misc_feat_plants
D:2:      layout_loops_ring, basic_altar
D:3:      layout_loops_ring, nzn_hepliaklqana_mist_gate,
          dancing_weapons_uskayaw, portal_sewer_entry_b,
          chequers_serial_rivers_micro_b

Skill      XL: |  1  2  3 |
---------------+----------+-----
Short Blades   | 1 |  1.1
Long Blades    | 1 |  1.1
Maces & Flails | 1 |  1.1
Polearms       | 1 |  1.1
Staves         | 1 |  1.1
Slings         | 1 |  1.1
Bows           | 1 |  1.1
Crossbows      | 1 |  1.1
Throwing       | 1 |  1.1
Stealth        | 1 |  1.1
Shields        | 1 |  1.1
Unarmed Combat | 1 |  1.1
Spellcasting   | 1 |  1.1
Evocations     | 1 |  1.1
Fighting       | |  6.6
Axes           | |  4.6
Armour         | |  4.6
Dodging        | |  2.7
Conjurations   | |  0.8
Hexes          | |  0.8
Summonings     | |  0.8
Necromancy     | |  0.8
Translocations | |  0.8
Transmutations | |  0.8
Fire Magic     | |  0.8
Ice Magic      | |  0.8
Air Magic      | |  0.8
Earth Magic    | |  0.8
Poison Magic   | |  0.8
Invocations    | |  4.7

Action                   |  1- 3 |  4- 6 || total
-------------------------+-------+-------++-------
Melee: Hand axe          |    73 |     5 ||    78
       Bite              |     3 |       ||     3
Invok: Depart the Abyss  |     1 |       ||     1
  Use: Scroll            |     9 |       ||     9
Armor: Leather armour    |    15 |       ||    15
Dodge: Dodged            |    50 |     2 ||    52

Table legend: (Time is in decaauts)
 A = Elapsed time spent in this place.
 B = Non-inter-level travel time spent in this place.
 C = Inter-level travel time spent in this place.
 D = Time resting spent in this place.
 E = Time spent auto-exploring this place.
 F = Levels seen in this place.
 G = Mean time per level.
                   A        B        C        D        E       F      G
               +--------+--------+--------+--------+--------+-----+--------+
         Total |   1942 |   1855 |     87 |      0 |   1531 |   4 |  485.5 |
       Dungeon |   1937 |   1850 |     87 |      0 |   1527 |   3 |  645.7 |
         Abyss |      5 |      5 |      0 |      0 |      4 |   1 |    5.0 |
               +--------+--------+--------+--------+--------+-----+--------+

Top non-repeatable levels by time:
     D:1: 1099 daAuts
     D:2: 792 daAuts
     D:3: 45 daAuts
 Abyss:1: 5 daAuts
